 Dungeon Crawl Stone Soup version 0.26.1-11-gd32895ea62 (webtiles) character file.

Game seed: 15651154221202254971

1505 RepoMan the Conjurer (level 8, -14/47 HPs)
             Began as a Gargoyle Air Elementalist on July 21, 2021.
             Was an Initiate of Qazlal.
             Demolished by an orc warrior
             ... wielding a +0 battleaxe
              (23 damage)
             ... on level 6 of the Dungeon.
             The game lasted 00:38:06 (6160 turns).

RepoMan the Conjurer (Gargoyle Air Elementalist)    Turns: 6160, Time: 00:38:06

Health: -14/47     AC: 13    Str: 14    XL:     8   Next: 82%
Magic:  17/22      EV: 11    Int: 26    God:    Qazlal [......]
Gold:   355        SH:  4    Dex: 10    Spells: 8/14 levels left

rFire    . . .     SeeInvis .   d - +4 flail (protect)
rCold    . . .     Faith    .   v - +0 buckler
rNeg     + . .     Spirit   .   u - +0 leather armour
rPois    ∞         Reflect  .   C - +3 helmet "Hujeq" {Int+4}
rElec    +         Harm     .   (no cloak)
rCorr    .         Rampage  .   (no gloves)
Will     .....                  (no boots)
Stlth    ++........             (no amulet)
HPRegen  0.15/turn              h - ring of magical power
MPRegen  0.18/turn              p - +6 ring of intelligence

@: slowed, very slow
A: negative energy resistance 1, electricity resistance, unbreathing,
petrification resistance, miasma immunity, AC +5
a: Renounce Religion


You were on level 6 of the Dungeon.
You worshipped Qazlal.
Qazlal was noncommittal.
You visited 2 branches of the dungeon, and saw 7 of its levels.

You collected 355 gold pieces.

Inventory:

Hand Weapons
 a - a +0 whip of electrocution
 d - a +4 flail of protection (weapon)
Armour
 u - a +0 leather armour (worn)
 v - a +0 buckler (worn)
 C - the +3 helmet "Hujeq" (worn) {Int+4}
   (You found it on level 6 of the Dungeon)

   It affects your intelligence (+4).
Jewellery
 h - a ring of magical power (left hand)
 p - a +6 ring of intelligence (right hand)
Wands
 s - a wand of enslavement (7)
 y - a wand of random effects (24)
Scrolls
 c - 2 scrolls of blinking {unknown}
 e - a scroll of teleportation
 i - a scroll of noise {unknown}
 j - a scroll of enchant weapon {unknown}
 l - 2 scrolls of remove curse {unknown}
 m - a scroll of enchant armour {unknown}
 n - 2 scrolls of fog {unknown}
 r - 2 scrolls of immolation {unknown}
 x - a scroll of amnesia {unknown}
 z - 2 scrolls of identify {unknown}
Potions
 b - 3 potions of curing
 f - 2 potions of attraction {unknown}
 g - 2 potions of heal wounds {unknown}
 k - 2 potions of degeneration {unknown}
 o - a potion of haste {unknown}
 q - a potion of berserk rage {unknown}
 w - a potion of invisibility {unknown}
 A - a potion of cancellation {unknown}
 B - a potion of lignification {unknown}


   Skills:
 + Level 3.6 Fighting
 * Level 4.9 Maces & Flails
 + Level 2.9 Armour
 - Level 1.5 Dodging
 - Level 2.1 Stealth
 - Level 4.0 Shields
 + Level 3.7 Spellcasting
 * Level 5.5 Conjurations
 + Level 3.7 Air Magic


You had 8 spell levels left.
You knew the following spells:

 Your Spells              Type           Power        Failure   Level
d - Static Discharge      Conj/Air       29%          4%          3
s - Swiftness             Air            24%          3%          2
z - Shock                 Conj/Air       100%         1%          1

Your spell library contained the following spells:

 Spells                   Type           Power        Failure   Level
 Airstrike                Air            12%          22%         4
 Lightning Bolt           Conj/Air       14%          41%         5


Dungeon Overview and Level Annotations

Branches:
Dungeon (6/15)             Temple (1/1) D:6

Altars:
Dithmenos
Fedhas
Hepliaklqana
Kikubaaqudgha
Nemelex Xobeh
Okawaru
Qazlal
Ru
Trog
Xom
Zin

Annotations:
D:6 1 runed translucent door, ymhsbmbesitwf's ghost, amateur GnAK


Innate Abilities, Weirdness & Mutations

You are resistant to torment.
Your stone body is resilient. (AC +5)
You are immune to poison.
You resist negative energy. (rN+)
You are resistant to electric shocks. (rElec)
You can survive without breathing.
You are immune to petrification.
You are immune to miasma.


Message History

The orc warrior hits you with a +0 battleaxe!
* * * LOW HITPOINT WARNING * * *
Unknown command.
Unknown command.
Unknown command.
Casting: Shock (safe; 1% risk of failure)
Confirm with . or Enter, or press ? or * to list all spells.
The orc warrior is struck by an arc of lightning.
The orc warrior is moderately wounded.
The orc wizard is struck by an arc of lightning.
The orc wizard is heavily wounded.
The lightning grounds out.
The orc wizard is struck by an arc of lightning!
You kill the orc wizard!
Qazlal accepts your kill.
The orc warrior is struck by an arc of lightning.
The orc warrior is heavily wounded.
You resist.
You are struck by an arc of lightning.
The orc warrior hits you with a +0 battleaxe!!
You die...

....####...... #
####...##..##... ##.
##......##..##...
#..####..###.....#####. #
........##......# #. ##.
##............## ###.
....#..............###.#.
...................##....
###....o@..........##....
...)....)...<.###..##...[
......)#[....####........
.....###....###.......##.
..## ....####........#..
# ....# #............
....# #......##.... #....
###.....#.... ...
#..##......


You could see an orc warrior.

Vanquished Creatures
  Grinder (D:3)
  Duvessa (D:4)
  2 phantoms
  A centaur (D:3)
  2 bullfrogs (D:6)
  2 scorpions
  Dowan (D:4)
  A howler monkey (D:3)
  2 hounds
  2 orc priests
  2 bullfrog skeletons
  A gnoll shaman (D:4)
  2 orc wizards
  An iguana (D:5)
  A worker ant (D:6)
  Natasha (thrice) (D:3)
  8 gnolls
  A howler monkey skeleton (D:5)
  8 adders
  A shadow imp (D:6)
  An ooze (D:4)
  3 worms
  2 dart slugs
  3 leopard geckos
  21 orcs
  2 ball pythons
  7 giant cockroaches
  12 goblins
  5 hobgoblins
  4 jackals (D:3)
  5 quokkas
  3 bats
  5 frilled lizards
  10 kobolds
  A quokka skeleton (D:3)
  3 rats
130 creatures vanquished.

Vanquished Creatures (collateral kills)
  2 hobgoblins (D:3)
  2 kobolds (D:3)
4 creatures vanquished.

Grand Total: 134 creatures vanquished

Notes
Turn   | Place    | Note
-------+----------+-------------------------------------------
     0 | D:1      | RepoMan the Gargoyle Air Elementalist began the quest for
                  | the Orb.
     0 | D:1      | Reached XP level 1. HP: 10/10 MP: 3/3
   235 | D:1      | Reached XP level 2. HP: 16/16 MP: 1/5
   282 | D:1      | Learned a level 2 spell: Swiftness
   757 | D:1      | Reached skill level 1 in Maces & Flails
   932 | D:1      | Reached XP level 3. HP: 20/20 MP: 4/6
  1239 | D:2      | Reached skill level 2 in Conjurations
  1385 | D:2      | Found a shimmering altar of Xom.
  1386 | D:2      | Found a hazy altar of Hepliaklqana.
  1387 | D:2      | Noticed a spectral ugly thing
  1503 | D:2      | Reached skill level 1 in Fighting
  1753 | D:2      | Reached XP level 4. HP: 20/25 MP: 1/7
  1886 | D:2      | Found an iron altar of Okawaru.
  1961 | D:2      | Found a blossoming altar of Fedhas.
  1964 | D:2      | Found a glowing silver altar of Zin.
  2123 | D:2      | Learned a level 3 spell: Static Discharge
  2412 | D:3      | Reached XP level 5. HP: 6/29 MP: 8/8
  2418 | D:3      | Reached skill level 3 in Conjurations
  2427 | D:3      | Noticed a centaur
  2543 | D:3      | Killed a centaur
  2814 | D:3      | Noticed Natasha
  2822 | D:3      | Killed Natasha
  2823 | D:3      | Reached XP level 6. HP: 33/35 MP: 10/10
  2978 | D:3      | Noticed Grinder
  2987 | D:3      | Reached skill level 1 in Shields
  2991 | D:3      | Paralysed by Grinder for 2 turns
  2996 | D:3      | Killed Grinder
  2997 | D:3      | Reached skill level 1 in Armour
  2997 | D:3      | Reached skill level 4 in Conjurations
  2997 | D:3      | Reached XP level 7. HP: 28/40 MP: 10/11
  3107 | D:3      | Found a faded altar of an unknown god.
  3144 | D:3      | Noticed Natasha
  3150 | D:3      | Killed Natasha
  3447 | D:3      | Noticed Natasha
  3453 | D:3      | Killed Natasha
  4169 | D:4      | Noticed Duvessa
  4169 | D:4      | Noticed Dowan
  4177 | D:4      | Killed Dowan
  4368 | D:4      | Reached XP level 8. HP: 45/45 MP: 12/12
  4398 | D:4      | Killed Duvessa
  4800 | D:5      | Entered Level 5 of the Dungeon
  4929 | D:5      | Reached skill level 5 in Conjurations
  5544 | D:5      | Found a sacrificial altar of Ru.
  5606 | D:5      | Found a stormy altar of Qazlal.
  5613 | D:5      | Became a worshipper of Qazlal Stormbringer
  5832 | D:6      | Found a runed translucent door.
  5832 | D:6      | Noticed ymhsbmbesitwf's ghost (amateur GnAK)
  5998 | D:6      | Found a staircase to the Ecumenical Temple.
  6000 | D:6      | Found a sparkling altar of Nemelex Xobeh.
  6019 | D:6      | Got a twisted helmet
  6025 | Temple   | Entered the Ecumenical Temple
  6036 | Temple   | Identified the +3 helmet "Hujeq" {Int+4} (You found it on
                  | level 6 of the Dungeon)
  6160 | D:6      | Demolished by an orc warrior

Illustrated notes

Levels and vault maps discovered:
D:1:      elethiomel_arrival_maze, layout_basic
D:2:      cheibrodos_greedy_goblins, layout_basic,
          regret_index_temple_of_mockery, minitemple
D:3:      layout_basic, chequers_ecumenical_altar_simple, serial_aquarium,
          aquarium_bridge_square [aquarium_subvault_wall,
          aquarium_subvault_bridge, aquarium_subvault_wall,
          aquarium_subvault_wall], aquarium_window_fake,
          aquarium_window_corridor_3, aquarium_view_2b, aquarium_view_2a,
          aquarium_pool_1, grunt_ministairs_6, uniq_grinder, uniq_natasha
D:4:      layout_loops_ring, uniq_duvessa
D:5:      layout_basic, nicolae_ru_the_path_less_chosen,
          nicolae_qazlal_eye_of_the_storm, chequers_serial_rivers_micro_a
D:6:      layout_cave_pools, lemuel_crystal_altar, temple_fountains,
          hellmonk_ghost_happy_afterlife
Temple:   nicolae_temple_hex_pool

Skill      XL: |  1  2  3  4  5  6  7  8 |
---------------+-------------------------+-----
Maces & Flails | 1 2 3 4 |  4.9
Conjurations   | 2 3 4 5 |  5.5
Fighting       | 1 2 3 |  3.6
Shields        | 1 2 4 |  4.0
Air Magic      | 3 |  3.7
Armour         | 1 2 |  2.9
Spellcasting   | 3 |  3.7
Dodging        | |  1.5
Stealth        | |  2.1

Action                   |  1- 3 |  4- 6 |  7- 9 || total
-------------------------+-------+-------+-------++-------
Melee: Unarmed           |     4 |       |       ||     4
       Mace              |    19 |    27 |       ||    46
       Whip              |       |       |    73 ||    73
       Flail             |       |       |     4 ||     4
 Cast: Shock             |    49 |    58 |   125 ||   232
       Static Discharge  |       |       |     1 ||     1
Evoke: Wand              |       |     1 |     1 ||     2
  Use: Potion            |       |     1 |     3 ||     4
       Scroll            |       |     1 |     1 ||     2
 Stab: Sleeping          |     2 |     4 |     1 ||     7
Armor: Robe              |    14 |    13 |       ||    27
       Leather armour    |       |     3 |    42 ||    45
Dodge: Dodged            |    32 |    38 |    46 ||   116
Block: Buckler           |       |     4 |    11 ||    15
